Remparts vs Mustangs
Created - November 2, 2017 at 19:08
Goals
|
| Remparts |
2 |
3 |
0 |
5 |
| Mustangs |
0 |
2 |
1 |
3 |
|
Shots
|
| Remparts |
17 |
13 |
11 |
41 |
| Mustangs |
12 |
15 |
4 |
31 |
|
1st period
1. Remparts , Petr Straka 2 (Ty Wishart 1, Pasi Salonen 7) at 19:02
2. Remparts , Petr Straka 3 (Pasi Salonen 8, Max Reinhart 2) at 19:17
Penalties :
Guillaume Desbiens (Que) for Interference (Minor) at 15:43
2nd period
3. Mustangs , Josh Jooris 7 (Eric Wellwood 7, Peter Mannino) at 5:04
4. Remparts , Guillaume Desbiens 6 (Mika Zibanejad 7) at 5:39
5. Mustangs , Josh Jooris 8 (Eric Wellwood 8, Riley Sheahan 11) at 5:43
6. Remparts , Daniel Paille 4 (Matt Halischuk 5, Cédric Lalonde-McNicoll 6) at 6:32
7. Remparts , Pasi Salonen 5 (Cédric Lalonde-McNicoll 7) at 19:42 (PP)
Penalties :
Andrew Shaw (Ham) for Holding Stick (Minor) at 18:33
3rd period
8. Mustangs , Eric Wellwood 6 (Riley Sheahan 12) at 18:53 (PP)
Penalties :
Josh Jooris (Ham) for Roughing (Minor) at 0:03, Mike Weber (Que) for Diving (Minor) at 18:40
Goalie Stats
Igor Bobkov (Que), 28 saves from 31 shots - (0.903), W, 2-0-1, 60:00 minutes
Peter Mannino (Ham), 36 saves from 41 shots - (0.878), L, 4-4-1, 60:00 minutes
Players Stats for Remparts
Player Name G A P +/- PIM S H SB GA TA FO MP PP MP PK MP
------------------------------------------------------------------------------------
Alex Galchenyuk 0 0 0 -1 0 4 3 1 2 0 0/1 20:48 1:29 0:30
Cédric Lalonde-McNicoll 0 2 2 1 0 2 0 1 1 0 9/13 17:39 1:39 0:19
Chris Mueller 0 0 0 0 0 0 0 0 0 0 2/2 8:13 0:00 0:00
Cody Ceci 0 0 0 0 0 3 1 2 1 0 0/0 24:43 0:00 0:55
Dale Weise 0 0 0 0 0 1 1 0 0 0 0/0 8:13 0:00 0:00
Daniel Paille 1 0 1 1 0 5 0 1 2 0 2/2 15:30 0:00 0:00
Erik Gustafsson 0 0 0 -1 0 1 1 1 0 0 0/0 14:28 0:00 0:00
Griffin Reinhart 0 0 0 3 0 0 0 1 0 1 0/0 17:20 1:09 0:13
Guillaume Desbiens 1 0 1 -1 2 3 3 0 2 0 1/2 20:23 1:29 0:00
Johannes Salmonsson 0 0 0 0 0 1 1 0 0 0 0/0 9:46 0:00 1:23
Kris Russell 0 0 0 -1 0 1 1 0 1 2 0/0 17:10 1:09 1:17
Matt Halischuk 0 1 1 1 0 4 2 0 0 0 0/0 17:19 1:39 0:00
Max Reinhart 0 1 1 2 0 1 2 0 1 0 2/12 13:21 0:00 1:23
Mika Zibanejad 0 1 1 -1 0 2 1 0 0 0 19/35 20:51 1:29 0:30
Mike Weber 0 0 0 0 2 2 2 1 1 1 0/0 26:38 1:59 0:42
Pasi Salonen 1 2 3 2 0 3 4 1 1 0 0/0 13:56 1:39 0:19
Petr Straka 2 0 2 2 0 5 2 0 0 0 0/1 11:48 0:00 0:00
Ty Wishart 0 1 1 3 0 3 2 2 0 2 0/0 19:40 1:59 1:17
Players Stats for Mustangs
Player Name G A P +/- PIM S H SB GA TA FO MP PP MP PK MP
------------------------------------------------------------------------------------
Alexei Marchenko 0 0 0 -2 0 1 2 1 0 3 0/0 20:23 1:14 1:24
Andreas Athanasiou 0 0 0 0 0 0 2 0 1 0 7/9 13:24 0:00 0:37
Andrew Shaw 0 0 0 -1 2 2 1 0 0 0 0/1 16:07 1:10 0:00
Curtis Hamilton 0 0 0 0 0 0 0 0 0 0 0/0 12:54 0:00 0:12
Denis Bodrov 0 0 0 -1 0 1 3 1 0 2 0/0 27:26 0:58 1:44
Derek Joslin 0 0 0 -1 0 0 1 3 0 0 0/0 27:26 0:58 1:44
Eric Wellwood 1 2 3 -1 0 6 0 0 1 1 0/1 20:58 1:02 1:52
Francis Paré 0 0 0 0 0 3 0 0 1 1 0/0 9:14 0:00 0:00
Jerome Samson 0 0 0 0 0 2 3 0 2 1 0/0 14:00 0:00 0:00
Jim O'Brien 0 0 0 -1 0 2 0 0 1 0 4/9 13:54 1:10 0:39
Joe Finley 0 0 0 1 0 3 0 3 0 1 0/0 12:11 0:00 0:00
Josh Jooris 2 0 2 -1 2 3 3 0 0 1 3/7 19:10 1:02 0:00
Marcus Foligno 0 0 0 -1 0 1 2 1 0 1 0/1 16:54 1:10 1:04
Mark Pysyk 0 0 0 -2 0 1 1 1 0 0 0/0 20:23 1:14 1:24
Raphael Bussieres 0 0 0 0 0 0 0 0 0 0 0/0 8:51 0:00 0:00
Rick Schofield 0 0 0 0 0 3 1 0 0 0 1/2 8:51 0:00 0:00
Riley Sheahan 0 2 2 -1 0 2 1 0 0 1 18/38 22:33 1:02 1:52
Scott Mayfield 0 0 0 1 0 1 2 0 0 0 0/0 12:11 0:00 0:00
3 Stars
1 - Pasi Salonen (Que)
2 - Petr Straka (Que)
3 - Eric Wellwood (Ham)
Power Play
Remparts - 1 on 2 Attempt(s) - 50.00%
Mustangs - 1 on 2 Attempt(s) - 50.00%
Penalty Kill
Remparts - 1 on 2 Attempt(s) - 50.00%
- Score 0 goal in Penalty Kill
Mustangs - 1 on 2 Attempt(s) - 50.00%
- Score 0 goal in Penalty Kill
Team Stat
Remparts - Hits : 26 - Faceoff Wins : 35 - Blocked Shots : 11 - Penalty Minutes : 4
Mustangs - Hits : 22 - Faceoff Wins : 33 - Blocked Shots : 10 - Penalty Minutes : 4
Official
Referees : Meier Brad and Kimmerly Greg
Linesman : Darren Gibbs and Michel Cormier
Game Notes
Jim O'Brien is injured at 10:08 of 3rd period (Bruised Left Leg)
Finance
Level 1 -- Attendance: 1453 (72.65%) -- Ticket Income $58,120
Level 2 -- Attendance: 769 (76.90%) -- Ticket Income $15,380
Total Attendance: 2222 (74.07%)
Total Ticket Income: $73,500
Other Income: $3,675
Total Income: $77,175
Remparts
5 vs 5 Forward
Center Left Wing Right Wing Time % Phy DF OF
1 Mika Zibanejad Alex Galchenyuk Guillaume Desbiens 40 0 2 3
2 Cédric Lalonde-McNicoll Daniel Paille Matt Halischuk 30 0 2 3
3 Max Reinhart Pasi Salonen Petr Straka 20 0 3 2
4 Chris Mueller Johannes Salmonsson Dale Weise 10 1 2 2
5 vs 5 Defense
Defense Defense Time % Phy DF OF
1 Mike Weber Cody Ceci 40 0 2 3
2 Ty Wishart Griffin Reinhart 30 0 2 3
3 Kris Russell Erik Gustafsson 20 0 3 2
4 Mike Weber Cody Ceci 10 1 2 2
PowerPlay Forward
Center Left Wing Right Wing Time % Phy DF OF
1 Mika Zibanejad Alex Galchenyuk Guillaume Desbiens 60 0 1 4
2 Cédric Lalonde-McNicoll Pasi Salonen Matt Halischuk 40 0 1 4
PowerPlay Defense
Defense Defense Time % Phy DF OF
1 Mike Weber Ty Wishart 60 0 2 3
2 Kris Russell Griffin Reinhart 40 0 2 3
Penalty Kill 4 Players Forward
Center Wing Time % Phy DF OF
1 Max Reinhart Johannes Salmonsson 60 1 3 1
2 Cédric Lalonde-McNicoll Pasi Salonen 40 1 3 1
Penalty Kill 4 Players Defense
Defense Defense Time % Phy DF OF
1 Cody Ceci Mike Weber 60 1 3 1
2 Kris Russell Ty Wishart 40 1 3 1
Penalty Kill - 3 Players Forward
Forward Time % Phy DF OF
1 Max Reinhart 60 1 3 1
2 Cédric Lalonde-McNicoll 40 1 3 1
Penalty Kill - 3 Players Defense
Defense Defense Time % Phy DF OF
1 Cody Ceci Mike Weber 60 1 3 1
2 Ty Wishart Kris Russell 40 1 3 1
4 vs 4 Forward
Center Wing Time % Phy DF OF
1 Mika Zibanejad Alex Galchenyuk 60 0 2 3
2 Cédric Lalonde-McNicoll Guillaume Desbiens 40 0 2 3
4 vs 4 Defense
Defense Defense Time % Phy DF OF
1 Mike Weber Ty Wishart 60 1 2 2
2 Kris Russell Cody Ceci 40 1 2 2
Last Minutes Offensive
Center Left Wing Right Wing Defense Defense
Mika Zibanejad Alex Galchenyuk Guillaume Desbiens Mike Weber Ty Wishart
Last Minutes Defensive
Center Left Wing Right Wing Defense Defense
Max Reinhart Johannes Salmonsson Matt Halischuk Cody Ceci Mike Weber
Goaltenders
Starting : Igor Bobkov
Backup : Tyler Plante
Extra Forwards
Normal : Mika Zibanejad, Alex Galchenyuk, Petr Straka - PP : Mika Zibanejad, Alex Galchenyuk - PK : Guillaume Desbiens
Extra Defensemen
Normal : Ty Wishart, Cody Ceci, Griffin Reinhart - PP : Kris Russell - PK : Griffin Reinhart, Cody Ceci
Penalty Shots
Alex Galchenyuk, Pasi Salonen, Matt Halischuk, Cédric Lalonde-McNicoll, Petr Straka
Scratches
Michael Paliotta (Healthy), Anton Zlobin (Healthy), Mitchell Heard (Healthy), Tim Bozon (Healthy), François Brassard (Healthy)
Mustangs
5 vs 5 Forward
Center Left Wing Right Wing Time % Phy DF OF
1 Riley Sheahan Eric Wellwood Josh Jooris 40 1 2 2
2 Jim O'Brien Marcus Foligno Andrew Shaw 30 1 2 2
3 Andreas Athanasiou Curtis Hamilton Jerome Samson 20 1 2 2
4 Rick Schofield Raphael Bussieres Francis Paré 10 1 2 2
5 vs 5 Defense
Defense Defense Time % Phy DF OF
1 Derek Joslin Denis Bodrov 40 1 2 2
2 Alexei Marchenko Mark Pysyk 30 1 2 2
3 Joe Finley Scott Mayfield 20 1 2 2
4 Derek Joslin Denis Bodrov 10 1 2 2
PowerPlay Forward
Center Left Wing Right Wing Time % Phy DF OF
1 Riley Sheahan Eric Wellwood Josh Jooris 60 1 2 2
2 Jim O'Brien Marcus Foligno Andrew Shaw 40 1 2 2
PowerPlay Defense
Defense Defense Time % Phy DF OF
1 Derek Joslin Denis Bodrov 60 1 2 2
2 Alexei Marchenko Mark Pysyk 40 1 2 2
Penalty Kill 4 Players Forward
Center Wing Time % Phy DF OF
1 Riley Sheahan Eric Wellwood 60 1 2 2
2 Jim O'Brien Marcus Foligno 40 1 2 2
Penalty Kill 4 Players Defense
Defense Defense Time % Phy DF OF
1 Derek Joslin Denis Bodrov 60 1 2 2
2 Alexei Marchenko Mark Pysyk 40 1 2 2
Penalty Kill - 3 Players Forward
Forward Time % Phy DF OF
1 Riley Sheahan 60 1 2 2
2 Jim O'Brien 40 1 2 2
Penalty Kill - 3 Players Defense
Defense Defense Time % Phy DF OF
1 Derek Joslin Denis Bodrov 60 1 2 2
2 Alexei Marchenko Mark Pysyk 40 1 2 2
4 vs 4 Forward
Center Wing Time % Phy DF OF
1 Riley Sheahan Eric Wellwood 60 1 2 2
2 Jim O'Brien Josh Jooris 40 1 2 2
4 vs 4 Defense
Defense Defense Time % Phy DF OF
1 Derek Joslin Denis Bodrov 60 1 2 2
2 Alexei Marchenko Mark Pysyk 40 1 2 2
Last Minutes Offensive
Center Left Wing Right Wing Defense Defense
Riley Sheahan Eric Wellwood Josh Jooris Derek Joslin Denis Bodrov
Last Minutes Defensive
Center Left Wing Right Wing Defense Defense
Riley Sheahan Eric Wellwood Josh Jooris Alexei Marchenko Derek Joslin
Goaltenders
Starting : Peter Mannino
Backup : Chet Pickard
Extra Forwards
Normal : Riley Sheahan, Andrew Shaw, Jerome Samson - PP : Jerome Samson, Andrew Shaw - PK : Eric Wellwood
Extra Defensemen
Normal : Denis Bodrov, Alexei Marchenko, Mark Pysyk - PP : Denis Bodrov - PK : Alexei Marchenko, Derek Joslin
Penalty Shots
Andreas Athanasiou, Rick Schofield, Eric Wellwood, Marcus Foligno, Josh Jooris
Scratches
Roman Horak (Healthy), Brady Skjei (Strained Back Injury), Joshua Leivo (Suspend), Dominik Uher (Healthy), Eric Knodel (Healthy)
Matthew Finn (Healthy), Danny Biega (Healthy), Jim O'Brien (Bruised Left Leg Injury), Sam Kurker (Healthy), Max Gortz (Healthy)
Riley Nash (Healthy), Cameron Gaunce (Fractured Orbital Bone Injury), Justin Peters (Healthy), Joacim Eriksson (Healthy)
% Time on Ice - Remparts
Lines # - Real PCT - Wanted PCT - Time Play
Normal Forward
1 - 35% - 40% - 18:55
2 - 29% - 30% - 15:44
3 - 22% - 20% - 11:48
4 - 15% - 10% - 8:13
Normal Defense
1 - 38% - 40% - 20:32
2 - 30% - 30% - 16:14
3 - 26% - 20% - 14:28
4 - 6% - 10% - 3:26
PP Forward
1 - 47% - 60% - 1:29
2 - 53% - 40% - 1:39
PP Defense
1 - 63% - 60% - 1:59
2 - 37% - 40% - 1:09
PK Forward
1 - 86% - 60% - 1:53
2 - 14% - 40% - 0:19
PK Defense
1 - 42% - 60% - 0:55
2 - 58% - 40% - 1:17
PK3 Forward
1 - 0% - 60%
2 - 0% - 40%
PK3 Defense
1 - 0% - 60%
2 - 0% - 40%
44 Forward
1 - 0% - 60%
2 - 0% - 40%
44 Defense
1 - 0% - 60%
2 - 0% - 40%
Last Minute Offensive - 0:00
Last Minute Defensive - 0:00
Total
Forward - 60:00
Defense - 60:00
|
% Time on Ice - Mustangs
Lines # - Real PCT - Wanted PCT - Time Play
Normal Forward
1 - 34% - 40% - 18:32
2 - 27% - 30% - 14:35
3 - 23% - 20% - 12:42
4 - 16% - 10% - 8:51
Normal Defense
1 - 38% - 40% - 20:59
2 - 32% - 30% - 17:45
3 - 22% - 20% - 12:11
4 - 7% - 10% - 3:45
PP Forward
1 - 47% - 60% - 1:02
2 - 53% - 40% - 1:10
PP Defense
1 - 44% - 60% - 0:58
2 - 56% - 40% - 1:14
PK Forward
1 - 79% - 60% - 2:29
2 - 21% - 40% - 0:39
PK Defense
1 - 55% - 60% - 1:44
2 - 45% - 40% - 1:24
PK3 Forward
1 - 0% - 60%
2 - 0% - 40%
PK3 Defense
1 - 0% - 60%
2 - 0% - 40%
44 Forward
1 - 0% - 60%
2 - 0% - 40%
44 Defense
1 - 0% - 60%
2 - 0% - 40%
Last Minute Offensive - 0:00
Last Minute Defensive - 0:00
Total
Forward - 60:00
Defense - 60:00
|
Play by Play
1st period
0:01 of 1st period - Mika Zibanejad wins face-off versus Riley Sheahan in neutral zone.
0:06 of 1st period - Slapshot by Guillaume Desbiens.
0:06 of 1st period - Shot Misses the Net.
0:10 of 1st period - Wrist shot by Mika Zibanejad.
0:10 of 1st period - Stopped by Peter Mannino with a rebound.
0:12 of 1st period - Wrist shot by Mike Weber.
0:12 of 1st period - Shot Blocked by Derek Joslin.
0:14 of 1st period - Wrist shot by Alex Galchenyuk.
0:14 of 1st period - Shot Misses the Net.
0:26 of 1st period - Mike Weber is hit by Marcus Foligno and loses puck.
0:31 of 1st period - Slapshot by Marcus Foligno.
0:31 of 1st period - Shot Blocked by Cody Ceci.
0:54 of 1st period - Max Reinhart is hit by Andreas Athanasiou and loses puck.
1:11 of 1st period - Slapshot by Kris Russell.
1:11 of 1st period - Stopped by Peter Mannino with a rebound.
1:13 of 1st period - Snap shot by Erik Gustafsson.
1:13 of 1st period - Stopped by Peter Mannino with a rebound.
1:39 of 1st period - Snap shot by Eric Wellwood.
1:39 of 1st period - Stopped by Igor Bobkov with a rebound.
1:41 of 1st period - Slapshot by Mark Pysyk.
1:41 of 1st period - Stopped by Igor Bobkov with a rebound.
1:43 of 1st period - Snap shot by Eric Wellwood.
1:43 of 1st period - Stopped by Igor Bobkov without a rebound.
1:44 of 1st period - Jim O'Brien wins face-off versus Cédric Lalonde-McNicoll in Remparts zone.
1:53 of 1st period - Snap shot by Matt Halischuk.
1:53 of 1st period - Stopped by Peter Mannino with a rebound.
1:55 of 1st period - Wrist shot by Daniel Paille.
1:55 of 1st period - Stopped by Peter Mannino with a rebound.
1:57 of 1st period - Slapshot by Cody Ceci.
1:57 of 1st period - Shot Misses the Net.
1:59 of 1st period - Slapshot by Cody Ceci.
1:59 of 1st period - Deflect By Daniel Paille.
1:59 of 1st period - Shot Misses the Net.
1:59 of 1st period - Puck is out of play.
2:00 of 1st period - Riley Sheahan wins face-off versus Alex Galchenyuk in Mustangs zone.
2:14 of 1st period - Icing by Griffin Reinhart.
2:15 of 1st period - Mika Zibanejad wins face-off versus Andreas Athanasiou in Remparts zone.
2:27 of 1st period - Off-side.
2:28 of 1st period - Riley Sheahan wins face-off versus Max Reinhart in neutral zone.
2:53 of 1st period - Cédric Lalonde-McNicoll is hit by Derek Joslin and loses puck.
3:04 of 1st period - Wrist shot by Marcus Foligno.
3:04 of 1st period - Stopped by Igor Bobkov without a rebound.
3:05 of 1st period - Andreas Athanasiou wins face-off versus Mika Zibanejad in Remparts zone.
3:14 of 1st period - Snap shot by Jerome Samson.
3:14 of 1st period - Stopped by Igor Bobkov without a rebound.
3:15 of 1st period - Andreas Athanasiou wins face-off versus Mika Zibanejad in Remparts zone.
3:34 of 1st period - Slapshot by Denis Bodrov.
3:34 of 1st period - Shot Blocked by Alex Galchenyuk.
3:42 of 1st period - Alex Galchenyuk is hit by Jerome Samson and loses puck.
3:53 of 1st period - Slapshot by Guillaume Desbiens.
3:53 of 1st period - Shot Blocked by Denis Bodrov.
4:09 of 1st period - Derek Joslin is hit by Ty Wishart and loses puck.
4:42 of 1st period - Wrist shot by Jerome Samson.
4:42 of 1st period - Shot Misses the Net.
5:20 of 1st period - Snap shot by Alex Galchenyuk.
5:20 of 1st period - Shot Blocked by Joe Finley.
5:22 of 1st period - Slapshot by Ty Wishart.
5:22 of 1st period - Deflect By Andreas Athanasiou.
5:22 of 1st period - Stopped by Peter Mannino without a rebound.
5:23 of 1st period - Cédric Lalonde-McNicoll wins face-off versus Riley Sheahan in Mustangs zone.
5:26 of 1st period - Snap shot by Cédric Lalonde-McNicoll.
5:26 of 1st period - Shot Misses the Net.
5:28 of 1st period - Snap shot by Daniel Paille.
5:28 of 1st period - Stopped by Peter Mannino without a rebound.
5:29 of 1st period - Cédric Lalonde-McNicoll wins face-off versus Josh Jooris in Mustangs zone.
5:38 of 1st period - Mike Weber is hit by Josh Jooris and loses puck.
6:27 of 1st period - Wrist shot by Rick Schofield.
6:27 of 1st period - Stopped by Igor Bobkov with a rebound.
6:29 of 1st period - Slapshot by Rick Schofield.
6:29 of 1st period - Stopped by Igor Bobkov with a rebound.
7:02 of 1st period - Marcus Foligno is hit by Petr Straka and loses puck.
9:05 of 1st period - Icing by Guillaume Desbiens.
9:06 of 1st period - Rick Schofield wins face-off versus Mika Zibanejad in Remparts zone.
9:43 of 1st period - Slapshot by Matt Halischuk.
9:43 of 1st period - Stopped by Peter Mannino without a rebound.
9:44 of 1st period - Cédric Lalonde-McNicoll wins face-off versus Jim O'Brien in Mustangs zone.
9:47 of 1st period - Slapshot by Daniel Paille.
9:47 of 1st period - Stopped by Peter Mannino with a rebound.
9:56 of 1st period - Mike Weber is hit by Andrew Shaw and loses puck.
10:11 of 1st period - Eric Wellwood is hit by Guillaume Desbiens and loses puck.
11:12 of 1st period - Snap shot by Andrew Shaw.
11:12 of 1st period - Deflect By Jim O'Brien.
11:12 of 1st period - Stopped by Igor Bobkov with a rebound.
11:38 of 1st period - Derek Joslin is hit by Guillaume Desbiens and loses puck.
11:59 of 1st period - Wrist shot by Rick Schofield.
11:59 of 1st period - Shot Blocked by Erik Gustafsson.
12:01 of 1st period - Snap shot by Francis Paré.
12:01 of 1st period - Stopped by Igor Bobkov without a rebound.
12:02 of 1st period - Cédric Lalonde-McNicoll wins face-off versus Jim O'Brien in Remparts zone.
12:28 of 1st period - Mike Weber is hit by Josh Jooris and loses puck.
12:35 of 1st period - Slapshot by Eric Wellwood.
12:35 of 1st period - Deflect By Riley Sheahan.
12:35 of 1st period - Shot Misses the Net.
12:35 of 1st period - Puck is out of play.
12:36 of 1st period - Riley Sheahan wins face-off versus Guillaume Desbiens in Remparts zone.
12:39 of 1st period - Wrist shot by Eric Wellwood.
12:39 of 1st period - Shot Blocked by Ty Wishart.
13:06 of 1st period - Off-side.
13:07 of 1st period - Daniel Paille wins face-off versus Jim O'Brien in neutral zone.
14:06 of 1st period - Slapshot by Matt Halischuk.
14:06 of 1st period - Shot Misses the Net.
14:22 of 1st period - Slapshot by Matt Halischuk.
14:22 of 1st period - Stopped by Peter Mannino without a rebound.
14:23 of 1st period - Mika Zibanejad wins face-off versus Josh Jooris in Mustangs zone.
14:28 of 1st period - Snap shot by Mika Zibanejad.
14:28 of 1st period - Stopped by Peter Mannino without a rebound.
14:29 of 1st period - Mika Zibanejad wins face-off versus Riley Sheahan in Mustangs zone.
14:30 of 1st period - Wrist shot by Alex Galchenyuk.
14:30 of 1st period - Stopped by Peter Mannino without a rebound.
14:31 of 1st period - Guillaume Desbiens wins face-off versus Riley Sheahan in Mustangs zone.
15:08 of 1st period - Snap shot by Eric Wellwood.
15:08 of 1st period - Shot Blocked by Mike Weber.
15:20 of 1st period - Snap shot by Guillaume Desbiens.
15:20 of 1st period - Shot Misses the Net.
15:43 of 1st period - Minor Penalty to Guillaume Desbiens for Interference.
15:44 of 1st period - Max Reinhart wins face-off versus Marcus Foligno in Remparts zone.
15:44 of 1st period - Max Reinhart is hit by Marcus Foligno.
16:10 of 1st period - Icing by Mark Pysyk.
16:11 of 1st period - Jim O'Brien wins face-off versus Max Reinhart in Mustangs zone.
16:16 of 1st period - Max Reinhart is hit by Alexei Marchenko and loses puck.
17:10 of 1st period - Icing by Eric Wellwood.
17:11 of 1st period - Mika Zibanejad wins face-off versus Josh Jooris in Mustangs zone.
17:43 of 1st period - Penalty to Guillaume Desbiens is over, Guillaume Desbiens is back on ice.
17:58 of 1st period - Kris Russell is hit by Andreas Athanasiou.
18:22 of 1st period - Rick Schofield is hit by Mike Weber and loses puck.
18:34 of 1st period - Icing by Guillaume Desbiens.
18:35 of 1st period - Andreas Athanasiou wins face-off versus Mika Zibanejad in Remparts zone.
18:44 of 1st period - Slapshot by Jim O'Brien.
18:44 of 1st period - Deflect By Alex Galchenyuk.
18:44 of 1st period - Shot Misses the Net.
18:44 of 1st period - Puck is out of play.
18:45 of 1st period - Jim O'Brien wins face-off versus Max Reinhart in Remparts zone.
18:48 of 1st period - Slapshot by Andrew Shaw.
18:48 of 1st period - Stopped by Igor Bobkov without a rebound.
18:49 of 1st period - Riley Sheahan wins face-off versus Max Reinhart in Remparts zone.
18:50 of 1st period - Wrist shot by Eric Wellwood.
18:50 of 1st period - Stopped by Igor Bobkov with a rebound.
18:56 of 1st period - Wrist shot by Pasi Salonen.
18:56 of 1st period - Stopped by Peter Mannino with a rebound.
18:58 of 1st period - Slapshot by Ty Wishart.
18:58 of 1st period - Stopped by Peter Mannino with a rebound.
19:00 of 1st period - Snap shot by Petr Straka.
19:00 of 1st period - Shot Blocked by Derek Joslin.
19:02 of 1st period - Wrist shot by Petr Straka.
19:02 of 1st period - Goal by Petr Straka - Remparts : 1 - Mustangs : 0.
19:03 of 1st period - Riley Sheahan wins face-off versus Max Reinhart in neutral zone.
19:07 of 1st period - Off-side.
19:08 of 1st period - Max Reinhart wins face-off versus Josh Jooris in neutral zone.
19:13 of 1st period - Wrist shot by Pasi Salonen.
19:13 of 1st period - Stopped by Peter Mannino with a rebound.
19:17 of 1st period - Snap shot by Petr Straka.
19:17 of 1st period - Goal by Petr Straka - Remparts : 2 - Mustangs : 0.
19:18 of 1st period - Riley Sheahan wins face-off versus Petr Straka in neutral zone.
19:25 of 1st period - Slapshot by Eric Wellwood.
19:25 of 1st period - Stopped by Igor Bobkov with a rebound.
Goals for this period are 2 for Remparts vs 0 for Mustangs.
Shots for this period are 17 for Remparts vs 12 for Mustangs.
2nd period
0:01 of 2nd period - Mika Zibanejad wins face-off versus Riley Sheahan in neutral zone.
0:49 of 2nd period - Derek Joslin is hit by Johannes Salmonsson and loses puck.
1:14 of 2nd period - Jerome Samson is hit by Dale Weise and loses puck.
1:20 of 2nd period - Derek Joslin is hit by Kris Russell and loses puck.
2:41 of 2nd period - Wrist shot by Jerome Samson.
2:41 of 2nd period - Shot Misses the Net.
2:43 of 2nd period - Snap shot by Scott Mayfield.
2:43 of 2nd period - Stopped by Igor Bobkov with a rebound.
2:45 of 2nd period - Backhand shot by Scott Mayfield.
2:45 of 2nd period - Shot Blocked by Griffin Reinhart.
2:47 of 2nd period - Slapshot by Joe Finley.
2:47 of 2nd period - Shot Misses the Net.
2:51 of 2nd period - Snap shot by Jerome Samson.
2:51 of 2nd period - Shot Misses the Net.
2:53 of 2nd period - Snap shot by Jerome Samson.
2:53 of 2nd period - Shot Misses the Net.
2:55 of 2nd period - Slapshot by Joe Finley.
2:55 of 2nd period - Stopped by Igor Bobkov with a rebound.
2:57 of 2nd period - Snap shot by Jerome Samson.
2:57 of 2nd period - Shot Blocked by Ty Wishart.
2:59 of 2nd period - Slapshot by Joe Finley.
2:59 of 2nd period - Stopped by Igor Bobkov without a rebound.
3:00 of 2nd period - Mika Zibanejad wins face-off versus Riley Sheahan in Remparts zone.
3:33 of 2nd period - Alexei Marchenko is hit by Matt Halischuk and loses puck.
4:21 of 2nd period - Cody Ceci is hit by Denis Bodrov and loses puck.
4:38 of 2nd period - Rick Schofield is hit by Mike Weber and loses puck.
5:04 of 2nd period - Snap shot by Josh Jooris.
5:04 of 2nd period - Goal by Josh Jooris - Remparts : 2 - Mustangs : 1.
5:05 of 2nd period - Riley Sheahan wins face-off versus Mika Zibanejad in neutral zone.
5:37 of 2nd period - Slapshot by Ty Wishart.
5:37 of 2nd period - Stopped by Peter Mannino without a rebound.
5:38 of 2nd period - Mika Zibanejad wins face-off versus Jim O'Brien in Mustangs zone.
5:39 of 2nd period - Snap shot by Guillaume Desbiens.
5:39 of 2nd period - Goal by Guillaume Desbiens - Remparts : 3 - Mustangs : 1.
5:40 of 2nd period - Riley Sheahan wins face-off versus Mika Zibanejad in neutral zone.
5:43 of 2nd period - Slapshot by Josh Jooris.
5:43 of 2nd period - Goal by Josh Jooris - Remparts : 3 - Mustangs : 2.
5:44 of 2nd period - Mika Zibanejad wins face-off versus Riley Sheahan in neutral zone.
5:53 of 2nd period - Wrist shot by Guillaume Desbiens.
5:53 of 2nd period - Deflect By Eric Wellwood.
5:53 of 2nd period - Shot Blocked by Derek Joslin.
5:53 of 2nd period - Puck is out of play.
5:54 of 2nd period - Riley Sheahan wins face-off versus Mika Zibanejad in Mustangs zone.
5:54 of 2nd period - Riley Sheahan is hit by Mika Zibanejad.
6:24 of 2nd period - Snap shot by Riley Sheahan.
6:24 of 2nd period - Stopped by Igor Bobkov without a rebound.
6:25 of 2nd period - Cédric Lalonde-McNicoll wins face-off versus Jim O'Brien in Remparts zone.
6:32 of 2nd period - Snap shot by Daniel Paille.
6:32 of 2nd period - Goal by Daniel Paille - Remparts : 4 - Mustangs : 2.
6:33 of 2nd period - Riley Sheahan wins face-off versus Cédric Lalonde-McNicoll in neutral zone.
6:38 of 2nd period - Snap shot by Josh Jooris.
6:38 of 2nd period - Stopped by Igor Bobkov with a rebound.
6:40 of 2nd period - Wrist shot by Eric Wellwood.
6:40 of 2nd period - Shot Misses the Net.
7:09 of 2nd period - Snap shot by Alex Galchenyuk.
7:09 of 2nd period - Stopped by Peter Mannino with a rebound.
7:11 of 2nd period - Snap shot by Alex Galchenyuk.
7:11 of 2nd period - Shot Blocked by Mark Pysyk.
7:23 of 2nd period - Max Reinhart is hit by Rick Schofield.
7:29 of 2nd period - Snap shot by Francis Paré.
7:29 of 2nd period - Stopped by Igor Bobkov without a rebound.
7:30 of 2nd period - Cédric Lalonde-McNicoll wins face-off versus Riley Sheahan in Remparts zone.
7:43 of 2nd period - Cédric Lalonde-McNicoll is hit by Scott Mayfield.
7:57 of 2nd period - Andrew Shaw is hit by Alex Galchenyuk and loses puck.
9:03 of 2nd period - Erik Gustafsson is hit by Josh Jooris and loses puck.
9:26 of 2nd period - Slapshot by Guillaume Desbiens.
9:26 of 2nd period - Stopped by Peter Mannino without a rebound.
9:27 of 2nd period - Andreas Athanasiou wins face-off versus Mika Zibanejad in Mustangs zone.
9:27 of 2nd period - Andreas Athanasiou is hit by Guillaume Desbiens.
10:01 of 2nd period - Wrist shot by Matt Halischuk.
10:01 of 2nd period - Stopped by Peter Mannino without a rebound.
10:02 of 2nd period - Cédric Lalonde-McNicoll wins face-off versus Riley Sheahan in Mustangs zone.
10:09 of 2nd period - Snap shot by Cédric Lalonde-McNicoll.
10:09 of 2nd period - Shot Misses the Net.
10:11 of 2nd period - Backhand shot by Daniel Paille.
10:11 of 2nd period - Shot Misses the Net.
10:13 of 2nd period - Slapshot by Mike Weber.
10:13 of 2nd period - Stopped by Peter Mannino without a rebound.
10:14 of 2nd period - Mika Zibanejad wins face-off versus Eric Wellwood in Mustangs zone.
10:39 of 2nd period - Denis Bodrov is hit by Petr Straka and loses puck.
10:59 of 2nd period - Snap shot by Denis Bodrov.
10:59 of 2nd period - Stopped by Igor Bobkov with a rebound.
12:02 of 2nd period - Wrist shot by Marcus Foligno.
12:02 of 2nd period - Deflect By Andrew Shaw.
12:02 of 2nd period - Stopped by Igor Bobkov with a rebound.
12:08 of 2nd period - Andrew Shaw is hit by Ty Wishart and loses puck.
12:23 of 2nd period - Slapshot by Daniel Paille.
12:23 of 2nd period - Stopped by Peter Mannino with a rebound.
12:43 of 2nd period - Wrist shot by Jim O'Brien.
12:43 of 2nd period - Deflect By Daniel Paille.
12:43 of 2nd period - Stopped by Igor Bobkov with a rebound.
12:45 of 2nd period - Slapshot by Joe Finley.
12:45 of 2nd period - Stopped by Igor Bobkov with a rebound.
12:47 of 2nd period - Wrist shot by Jim O'Brien.
12:47 of 2nd period - Shot Misses the Net.
12:49 of 2nd period - Wrist shot by Jim O'Brien.
12:49 of 2nd period - Shot Blocked by Cody Ceci.
12:51 of 2nd period - Slapshot by Joe Finley.
12:51 of 2nd period - Deflect By Andrew Shaw.
12:51 of 2nd period - Shot Blocked by Cédric Lalonde-McNicoll.
12:51 of 2nd period - Puck is out of play.
12:52 of 2nd period - Josh Jooris wins face-off versus Mika Zibanejad in Remparts zone.
13:19 of 2nd period - Andreas Athanasiou is hit by Pasi Salonen and loses puck.
13:30 of 2nd period - Kris Russell is hit by Jerome Samson and loses puck.
13:41 of 2nd period - Max Reinhart is hit by Denis Bodrov and loses puck.
14:06 of 2nd period - Snap shot by Pasi Salonen.
14:06 of 2nd period - Deflect By Petr Straka.
14:06 of 2nd period - Stopped by Peter Mannino without a rebound.
14:07 of 2nd period - Riley Sheahan wins face-off versus Mika Zibanejad in Mustangs zone.
14:34 of 2nd period - Cédric Lalonde-McNicoll is hit by Mark Pysyk and loses puck.
14:41 of 2nd period - Marcus Foligno is hit by Matt Halischuk and loses puck.
14:51 of 2nd period - Icing by Mark Pysyk.
14:52 of 2nd period - Chris Mueller wins face-off versus Andreas Athanasiou in Mustangs zone.
14:53 of 2nd period - Snap shot by Johannes Salmonsson.
14:53 of 2nd period - Stopped by Peter Mannino with a rebound.
16:22 of 2nd period - Francis Paré is hit by Erik Gustafsson and loses puck.
16:31 of 2nd period - Slapshot by Rick Schofield.
16:31 of 2nd period - Stopped by Igor Bobkov with a rebound.
16:33 of 2nd period - Wrist shot by Francis Paré.
16:33 of 2nd period - Stopped by Igor Bobkov without a rebound.
16:34 of 2nd period - Josh Jooris wins face-off versus Cédric Lalonde-McNicoll in Remparts zone.
16:35 of 2nd period - Wrist shot by Eric Wellwood.
16:35 of 2nd period - Stopped by Igor Bobkov without a rebound.
16:36 of 2nd period - Riley Sheahan wins face-off versus Cédric Lalonde-McNicoll in Remparts zone.
18:33 of 2nd period - Minor Penalty to Andrew Shaw for Holding Stick.
18:34 of 2nd period - Mika Zibanejad wins face-off versus Riley Sheahan in Mustangs zone.
18:43 of 2nd period - Slapshot by Alex Galchenyuk.
18:43 of 2nd period - Stopped by Peter Mannino with a rebound.
18:45 of 2nd period - Wrist shot by Guillaume Desbiens.
18:45 of 2nd period - Shot Misses the Net.
19:07 of 2nd period - Wrist shot by Cédric Lalonde-McNicoll.
19:07 of 2nd period - Stopped by Peter Mannino without a rebound.
19:08 of 2nd period - Cédric Lalonde-McNicoll wins face-off versus Riley Sheahan in Mustangs zone.
19:33 of 2nd period - Pasi Salonen is hit by Alexei Marchenko and loses puck.
19:42 of 2nd period - Slapshot by Pasi Salonen.
19:42 of 2nd period - Goal by Pasi Salonen - Remparts : 5 - Mustangs : 2.
19:43 of 2nd period - Riley Sheahan wins face-off versus Mika Zibanejad in neutral zone.
Goals for this period are 3 for Remparts vs 2 for Mustangs.
Shots for this period are 13 for Remparts vs 15 for Mustangs.
3rd period
0:01 of 3rd period - Riley Sheahan wins face-off versus Mika Zibanejad in neutral zone.
0:03 of 3rd period - Minor Penalty to Josh Jooris for Roughing.
0:04 of 3rd period - Mika Zibanejad wins face-off versus Riley Sheahan in Mustangs zone.
2:03 of 3rd period - Penalty to Josh Jooris is over, Josh Jooris is back on ice.
2:07 of 3rd period - Icing by Matt Halischuk.
2:08 of 3rd period - Cédric Lalonde-McNicoll wins face-off versus Rick Schofield in Remparts zone.
2:40 of 3rd period - Slapshot by Alexei Marchenko.
2:40 of 3rd period - Stopped by Igor Bobkov with a rebound.
3:00 of 3rd period - Andreas Athanasiou is hit by Max Reinhart and loses puck.
3:06 of 3rd period - Icing by Derek Joslin.
3:07 of 3rd period - Andreas Athanasiou wins face-off versus Mika Zibanejad in Mustangs zone.
3:12 of 3rd period - Slapshot by Denis Bodrov.
3:12 of 3rd period - Shot Misses the Net.
3:44 of 3rd period - Icing by Eric Wellwood.
3:45 of 3rd period - Mika Zibanejad wins face-off versus Riley Sheahan in Mustangs zone.
3:46 of 3rd period - Wrist shot by Guillaume Desbiens.
3:46 of 3rd period - Shot Misses the Net.
4:10 of 3rd period - Josh Jooris is hit by Max Reinhart and loses puck.
4:17 of 3rd period - Slapshot by Petr Straka.
4:17 of 3rd period - Stopped by Peter Mannino without a rebound.
4:18 of 3rd period - Jim O'Brien wins face-off versus Mika Zibanejad in Mustangs zone.
4:37 of 3rd period - Jim O'Brien is hit by Alex Galchenyuk and loses puck.
4:56 of 3rd period - Snap shot by Jerome Samson.
4:56 of 3rd period - Shot Misses the Net.
4:58 of 3rd period - Slapshot by Denis Bodrov.
4:58 of 3rd period - Shot Blocked by Daniel Paille.
5:08 of 3rd period - Snap shot by Riley Sheahan.
5:08 of 3rd period - Shot Blocked by Pasi Salonen.
5:14 of 3rd period - Backhand shot by Petr Straka.
5:14 of 3rd period - Shot Blocked by Alexei Marchenko.
5:18 of 3rd period - Snap shot by Pasi Salonen.
5:18 of 3rd period - Shot Misses the Net.
5:20 of 3rd period - Wrist shot by Max Reinhart.
5:20 of 3rd period - Stopped by Peter Mannino without a rebound.
5:21 of 3rd period - Mika Zibanejad wins face-off versus Andrew Shaw in Mustangs zone.
5:28 of 3rd period - Wrist shot by Mika Zibanejad.
5:28 of 3rd period - Shot Blocked by Marcus Foligno.
6:21 of 3rd period - Cody Ceci is hit by Jerome Samson and loses puck.
6:30 of 3rd period - Snap shot by Cody Ceci.
6:30 of 3rd period - Stopped by Peter Mannino with a rebound.
6:32 of 3rd period - Wrist shot by Petr Straka.
6:32 of 3rd period - Deflect By Jerome Samson.
6:32 of 3rd period - Stopped by Peter Mannino with a rebound.
6:34 of 3rd period - Slapshot by Mike Weber.
6:34 of 3rd period - Deflect By Andreas Athanasiou.
6:34 of 3rd period - Stopped by Peter Mannino without a rebound.
6:35 of 3rd period - Mika Zibanejad wins face-off versus Riley Sheahan in Mustangs zone.
6:36 of 3rd period - Wrist shot by Alex Galchenyuk.
6:36 of 3rd period - Stopped by Peter Mannino without a rebound.
6:37 of 3rd period - Mika Zibanejad wins face-off versus Riley Sheahan in Mustangs zone.
6:38 of 3rd period - Snap shot by Guillaume Desbiens.
6:38 of 3rd period - Stopped by Peter Mannino with a rebound.
7:03 of 3rd period - Alexei Marchenko is hit by Pasi Salonen and loses puck.
8:35 of 3rd period - Wrist shot by Cédric Lalonde-McNicoll.
8:35 of 3rd period - Shot Misses the Net.
10:07 of 3rd period - Jim O'Brien is hit by Pasi Salonen and loses puck.
10:08 of 3rd period - Jim O'Brien from Mustangs is injured at 10:08 of 3rd period (Bruised Left Leg).
10:09 of 3rd period - Josh Jooris wins face-off versus Mika Zibanejad in Mustangs zone.
10:19 of 3rd period - Off-side.
10:20 of 3rd period - Mika Zibanejad wins face-off versus Riley Sheahan in neutral zone.
10:52 of 3rd period - Snap shot by Andrew Shaw.
10:52 of 3rd period - Shot Misses the Net.
10:54 of 3rd period - Slapshot by Denis Bodrov.
10:54 of 3rd period - Shot Hit the Post.
11:10 of 3rd period - Rick Schofield is hit by Cody Ceci and loses puck.
11:48 of 3rd period - Scott Mayfield is hit by Alex Galchenyuk and loses puck.
12:07 of 3rd period - Ty Wishart is hit by Scott Mayfield and loses puck.
13:18 of 3rd period - Off-side.
13:19 of 3rd period - Andreas Athanasiou wins face-off versus Max Reinhart in neutral zone.
14:03 of 3rd period - Off-side.
14:04 of 3rd period - Chris Mueller wins face-off versus Riley Sheahan in neutral zone.
14:07 of 3rd period - Snap shot by Mike Weber.
14:07 of 3rd period - Shot Blocked by Joe Finley.
14:09 of 3rd period - Slapshot by Cody Ceci.
14:09 of 3rd period - Stopped by Peter Mannino with a rebound.
14:11 of 3rd period - Slapshot by Cody Ceci.
14:11 of 3rd period - Stopped by Peter Mannino with a rebound.
14:13 of 3rd period - Slapshot by Cody Ceci.
14:13 of 3rd period - Deflect By Chris Mueller.
14:13 of 3rd period - Shot Blocked by Joe Finley.
14:13 of 3rd period - Puck is out of play.
14:14 of 3rd period - Mika Zibanejad wins face-off versus Riley Sheahan in Mustangs zone.
15:06 of 3rd period - Slapshot by Mike Weber.
15:06 of 3rd period - Shot Misses the Net.
15:27 of 3rd period - Snap shot by Ty Wishart.
15:27 of 3rd period - Deflect By Dale Weise.
15:27 of 3rd period - Stopped by Peter Mannino with a rebound.
15:56 of 3rd period - Slapshot by Denis Bodrov.
15:56 of 3rd period - Deflect By Andrew Shaw.
15:56 of 3rd period - Shot Misses the Net.
15:56 of 3rd period - Puck is out of play.
15:57 of 3rd period - Daniel Paille wins face-off versus Riley Sheahan in Remparts zone.
16:43 of 3rd period - Off-side.
16:44 of 3rd period - Andreas Athanasiou wins face-off versus Mika Zibanejad in neutral zone.
16:47 of 3rd period - Backhand shot by Jerome Samson.
16:47 of 3rd period - Stopped by Igor Bobkov with a rebound.
17:18 of 3rd period - Andreas Athanasiou is hit by Pasi Salonen.
18:29 of 3rd period - Off-side.
18:30 of 3rd period - Mika Zibanejad wins face-off versus Riley Sheahan in neutral zone.
18:40 of 3rd period - Minor Penalty to Mike Weber for Diving.
18:41 of 3rd period - Riley Sheahan wins face-off versus Max Reinhart in Remparts zone.
18:43 of 3rd period - Snap shot by Riley Sheahan.
18:43 of 3rd period - Deflect By Johannes Salmonsson.
18:43 of 3rd period - Shot Misses the Net.
18:43 of 3rd period - Puck is out of play.
18:44 of 3rd period - Riley Sheahan wins face-off versus Max Reinhart in Remparts zone.
18:45 of 3rd period - Snap shot by Eric Wellwood.
18:45 of 3rd period - Deflect By Riley Sheahan.
18:45 of 3rd period - Deflect By Griffin Reinhart.
18:45 of 3rd period - Shot Misses the Net.
18:45 of 3rd period - Puck is out of play.
18:46 of 3rd period - Riley Sheahan wins face-off versus Max Reinhart in Remparts zone.
18:51 of 3rd period - Slapshot by Riley Sheahan.
18:51 of 3rd period - Stopped by Igor Bobkov with a rebound.
18:53 of 3rd period - Snap shot by Eric Wellwood.
18:53 of 3rd period - Goal by Eric Wellwood - Remparts : 5 - Mustangs : 3.
18:54 of 3rd period - Riley Sheahan wins face-off versus Max Reinhart in neutral zone.
19:03 of 3rd period - Pasi Salonen is hit by Riley Sheahan and loses puck.
19:22 of 3rd period - Mike Weber is hit by Denis Bodrov and loses puck.
19:59 of 3rd period - Snap shot by Cédric Lalonde-McNicoll.
19:59 of 3rd period - Stopped by Peter Mannino without a rebound.
Goals for this period are 0 for Remparts vs 1 for Mustangs.
Shots for this period are 11 for Remparts vs 4 for Mustangs.
Back to the Top